 Dungeon Crawl Stone Soup version 0.29.1-15-g9cfb28693d (webtiles) character file.

Game seed: 6254416373140119349

206 KamiKatze the Trooper (level 5, -3/35 HPs)
             Began as a Gargoyle Berserker on Feb 28, 2023.
             Was a Priest of Trog.
             Killed from afar by an orc wizard (6 damage)
             ... with a magic dart
             ... on level 4 of the Dungeon.
             The game lasted 00:10:46 (2447 turns).

KamiKatze the Trooper (Gargoyle Berserker)          Turns: 2447, Time: 00:10:46

Health: -3/35      AC: 10    Str: 23    XL:     5   Next: 84%
Magic:  5/5        EV: 11    Int:  7    God:    Trog [***...]
Gold:   37         SH:  0    Dex:  9    Spells: 4/4 levels left

rFire   . . .      SeeInvis .   a - +0 hand axe
rCold   . . .      Faith    .   (no shield)
rNeg    + . .      Spirit   .   d - +0 ring mail
rPois   ∞          Reflect  .   (no helmet)
rElec   +          Harm     .   n - +0 cloak
rCorr   .          Rampage  .   (no gloves)
Will    .....                   (no boots)
Stlth   ..........              (no amulet)
HPRegen 0.11/turn               (no ring)
MPRegen 0.09/turn               (no ring)

@: on berserk cooldown, slowed, very slow
A: sickness immunity, AC +4, negative energy resistance 1, electricity
resistance, torment resistance 1, petrification resistance
a: Renounce Religion, Berserk, Trog's Hand


You were on level 4 of the Dungeon.
You worshipped Trog.
Trog was most pleased with you.
You visited 1 branch of the dungeon, and saw 4 of its levels.

You collected 208 gold pieces.
You spent 171 gold pieces at shops.

Inventory:

Hand Weapons
 a - a +0 hand axe (weapon)
 e - a +1 war axe
Missiles
 j - 3 poisoned darts (quivered)
Armour
 d - a +0 ring mail (worn)
 m - a +0 plate armour
 n - a +0 cloak (worn)
 q - a +0 chain mail
Scrolls
 f - a scroll of teleportation
 s - a scroll of brand weapon
Potions
 b - a potion of might
 c - a potion of attraction
 g - a potion of haste {unknown}
 i - 2 potions of heal wounds {unknown}
 l - 2 potions of curing
 o - a potion of brilliance {unknown}
 p - a potion of mutation {unknown}
 r - a potion of flight {unknown}


   Skills:
 * Level 5.4 Fighting
 * Level 4.4 Axes
 - Level 2.1 Armour
 - Level 1.5 Dodging


You had 4 spell levels left.
You didn't know any spells.
Your spell library was empty.

Dungeon Overview and Level Annotations

Branches:
Dungeon (4/15)
 Temple: D:4-7

Altars:

Shops:
D:1 !*?=


Innate Abilities, Weirdness & Mutations

You are immune to sickness and miasma.
Your stone body is resilient. (AC +4)
You are immune to poison.
You resist negative energy. (rN+)
You are resistant to electric shocks. (rElec)
You are resistant to unholy torment.
You are immune to petrification.


Message History

You hear some strange, mumbled words.
A magic dart appears from out of thin air!
The magic dart hits you but does no damage.
Something hits you but does no damage.
You completely miss something.
You hear some strange, mumbled words.
A puff of flame appears from out of thin air!
The puff of flame hits you but does no damage.
You hit something.
An orc wizard appears from thin air!
Reactivating autopickup.
The orc wizard gestures at you while chanting.
The magic dart hits you.
* * * LOW HITPOINT WARNING * * *
The orc wizard hits you but does no damage.
You closely miss the orc wizard.
The orc wizard is moderately wounded.
The orc wizard hits you but does no damage.
You hit the orc wizard.
The orc wizard is severely wounded.
The orc wizard points at you and mumbles some strange words.
You are confused.
The orc wizard hits you but does no damage.
You bump into the rock wall.
The orc wizard closely misses you.
The orc wizard points at you and mumbles some strange words.
The magic dart hits you but does no damage.
Things that are here:
a +0 dagger; a +0 robe; an orc corpse You closely miss the orc wizard.
The orc wizard is heavily wounded.
The orc wizard hits you but does no damage.
The orc wizard barely misses you.
You bump into the rock wall.
You feel less confused. The orc wizard closely misses you.
You closely miss the orc wizard.
The orc wizard is heavily wounded.
The orc wizard hits you but does no damage.
The orc wizard casts a spell at you. The magic dart hits you.
You die...

#########
#.......#
#########)..####
#...)[o@.......#
#...#####.#.##.#
... ...... . #
#.#.##. #.....
.. ..# ### # ...
##


You could see an orc wizard.

Vanquished Creatures
  An iguana (D:3)
  An orc wizard (D:4)
  6 adders
  A worm (D:3)
  2 dart slugs
  8 orcs
  3 bats
  13 endoplasms
  A giant cockroach (D:3)
  11 goblins
  8 hobgoblins
  7 jackals
  5 kobolds
  4 quokkas
  2 ball pythons (D:1)
  A frilled lizard (D:3)
  6 rats
80 creatures vanquished.

Vanquished Creatures (others)
  An orc (D:4)
1 creature vanquished.

Grand Total: 81 creatures vanquished

Notes
Turn   | Place    | Note
-------+----------+-------------------------------------------
     0 | D:1      | KamiKatze the Gargoyle Berserker began the quest for the
                  | Orb.
     0 | D:1      | Reached XP level 1. HP: 14/14 MP: 1/1
    40 | D:1      | Found Ettockorr's Assorted Antiques.
   110 | D:1      | Reached XP level 2. HP: 18/19 MP: 2/2
   117 | D:1      | Found Feumaef's Jewellery Emporium.
   135 | D:1      | Found Zatyej's Magic Scroll Shop.
   156 | D:1      | Found a faded altar of an unknown god.
   193 | D:1      | Reached ** piety under Trog
   326 | D:1      | Found Buom's Distillery.
   336 | D:1      | Reached XP level 3. HP: 18/24 MP: 3/3
   346 | D:1      | Reached skill level 4 in Fighting
   787 | D:1      | Bought a scroll labelled UMMATIRUEF for 22 gold pieces
   830 | D:1      | Bought a scroll of identify for 26 gold pieces
   930 | D:2      | Reached XP level 4. HP: 30/30 MP: 4/4
  1516 | D:3      | Reached *** piety under Trog
  1521 | D:3      | Reached XP level 5. HP: 32/34 MP: 5/5
  1622 | D:3      | Reached skill level 5 in Fighting
  2229 | D:1      | Bought a scroll of brand weapon for 123 gold pieces
  2440 | D:4      | HP: 1/35 [orc wizard/magic dart (2)]
  2447 | D:4      | Killed from afar by an orc wizard

Illustrated notes

Levels and vault maps discovered:
D:1:      giann_wishing_wells, layout_loops_cross,
          hellmonk_ecumenical_altar_dog_temple, serial_shops, shop, shop, shop,
          nicolae_shop_statue_plus, minmay_tripent
D:2:      minmay_spotlight, layout_basic, minmay_tetromino_t4
D:3:      minmay_recursive_quarters, layout_loops_ring
D:4:      layout_basic, cheibrodos_sewer_entry_sluice, cheibrodos_gnoll_hut

Skill      XL: |  1  2  3  4  5 |
---------------+----------------+-----
Axes           | 3 4 |  4.4
Fighting       | 4 5 |  5.4
Armour         | |  2.1
Dodging        | |  1.5

Action                   |  1- 3 |  4- 6 || total
-------------------------+-------+-------++-------
Melee: Hand axe          |    96 |   158 ||   254
       Punch             |       |     2 ||     2
Invok: Berserk           |       |     2 ||     2
       Trog's Hand       |       |     1 ||     1
  Use: Scroll            |     2 |     4 ||     6
       Potion            |       |     1 ||     1
Armor: Animal skin       |    10 |       ||    10
       Ring mail         |    32 |   121 ||   153
Dodge: Dodged            |    69 |    92 ||   161
